 Dungeon Sprint DCSS version 0.18.1-50-g88ac8fd (webtiles) character file.

1670 Inkary the Blocker (level 8, -4/83 HPs)
             Began as a Minotaur Fighter on Sept 22, 2016.
             Was an Initiate of Qazlal.
             Slain by a polar bear (6 damage)
             ... in the Dungeon (Sprint II: "The Violet Keep of Menkaure").
             The game lasted 00:04:25 (513 turns).

Inkary the Blocker (Minotaur Fighter)                Turns: 513, Time: 00:04:25

Health: -4/83      AC: 14    Str: 22    XL:     8   Next: 69%
Magic:  7/7        EV:  9    Int:  5    God:    Qazlal [......]
Gold:   735        SH: 13    Dex: 12    Spells: 0 memorised, 7 levels left

rFire  . . .     SeeInvis .     a - +0 flail
rCold  . . .     Gourm    .     b - +0 scale mail
rNeg   . . .     Faith    .     c - +0 shield
rPois  .         Spirit   .     (helmet restricted)
rElec  .         Dismiss  .     (no cloak)
rCorr  .         Reflect  .     (no gloves)
SustAt .         Harm     .     (no boots)
MR     .....     Rnd*Rage +     (no amulet)
Stlth  .......... NoTele   +    j - +5 ring of protection
                                h - +3 ring of dexterity

@: not resistant to hostile enchantments, extremely unstealthy
A: retaliatory headbutt, horns 2, berserk 1, weak 1
a: Renounce Religion


You were in the Dungeon.
You worshipped Qazlal.
Qazlal was noncommittal.
You were not hungry.

You visited 1 branch You collected 972 gold pieces.
You spent 237 gold pieces at shops.

Inventory:

Hand Weapons
 a - a +0 flail (weapon)
Armour
 b - a +0 scale mail (worn)
 c - a +0 shield (worn)
Jewellery
 h - a +3 ring of dexterity (left hand)
 j - a +5 ring of protection (right hand)
Scrolls
 k - a scroll of blinking
Potions
 i - 2 potions of magic
Comestibles
 d - 5 chunks of flesh
 f - a bread ration


   Skills:
 + Level 12.0 Fighting
 + Level 11.7 Maces & Flails
 + Level 12.0 Armour
 + Level 12.1 Shields


You had 7 spell levels left.
You didn't know any spells.

Dungeon Overview and Level Annotations

Branches:
Dungeon (1/1)

Altars:
Cheibriados
Dithmenos
Elyvilon
Fedhas
Gozag
Kikubaaqudgha
Makhleb
Nemelex Xobeh
Okawaru
Pakellas
Qazlal
Ru
Sif Muna
Trog
Vehumet
Xom
Yredelemnul
Zin
The Shining One
Beogh
Jiyva
Lugonu

Shops:
D :(!?*[!(}:==?[%(

Annotations:
D exclusion: oklob plant


Innate Abilities, Weirdness & Mutations

You reflexively headbutt those who attack you in melee.
You have a pair of horns on your head.
You tend to lose your temper in combat.
You are weak. (Str -2)


Message History

You block the polar bear's attack.
The polar bear claws you but does no damage.
You block the polar bear's attack. The hell hog closely misses you.
Found a scale mail.
Unknown command.
You hit the hell hog.
The hell hog is lightly wounded.
The polar bear bites you.
* * * LOW HITPOINT WARNING * * *
The polar bear closely misses you.
The polar bear claws you but does no damage.
The hell hog bites you but does no damage.
You block the polar bear's attack. x2
The polar bear claws you but does no damage.
The polar bear barely misses you.
The polar bear claws you but does no damage. x2
You sock the hell hog!
The hell hog is lightly wounded.
The polar bear bites you.
You die...

.§§§ +++#+++## .. ........#
.. .##'##..# #. ###..##.####
+.### #.##..#....# ...#
##.#.####..#####..# .# !=(
###'###.##..#[.h..# .#▓?[?)!
.##.##.#.#..# #@.# .#▓%%?$%
#÷.<.'.##'..####hh##.#▓?!?()
.##.##..##....###c..##▓▓▓▓▓▓
###'###.##...§..≈≈≈≈≈≈≈≈≈≈≈≈
##...####≈≈.§...≈#'########+
#.)#..#≈≈≈≈≈≈≈..≈#(†._._._#≈
##...##≈≈≈≈≈§≈≈.≈#.†_._._.#§
≈##+##≈≈≈§≈≈≈≈≈≈≈#._._._._#§
≈≈≈≈≈≈≈≈§≈§≈§≈≈≈≈#_._._._.#§


You could see a hell hog, 2 polar bears and a yaktaur.

Vanquished Creatures
  A siren (D)
  A polar bear (D)
  4 neqoxecs (D)
  Menkaure (D)
  A wasp (D)
  4 necrophages (D)
  A scorpion (D)
  3 worms (D)
16 creatures vanquished.

Vanquished Creatures (others)
  A crocodile (D)
1 creature vanquished.

Grand Total: 17 creatures vanquished

Notes
Turn   | Place    | Note
--------------------------------------------------------------
     0 | D        | Inkary the Minotaur Fighter began the quest for the Orb.
     0 | D        | Reached XP level 1. HP: 19/19 MP: 0/0
     1 | D        | Noticed a necrophage
     1 | D        | Noticed a necrophage
     1 | D        | Noticed a necrophage
     1 | D        | Noticed a necrophage
    10 | D        | Killed a necrophage
    10 | D        | Reached skill level 5 in Maces & Flails
    10 | D        | Reached XP level 2. HP: 21/30 MP: 1/1
    10 | D        | Reached XP level 3. HP: 26/37 MP: 2/2
    10 | D        | Reached XP level 4. HP: 31/44 MP: 3/3
    18 | D        | Killed a necrophage
    18 | D        | Reached XP level 5. HP: 33/51 MP: 4/4
    23 | D        | Killed a necrophage
    29 | D        | Killed a necrophage
    29 | D        | Reached XP level 6. HP: 40/60 MP: 5/5
   100 | D        | Found Idoali's Food Emporium.
   100 | D        | Found Cihag's Book Shoppe.
   100 | D        | Found Pitz's Gadget Emporium.
   100 | D        | Found Jeckoko's Weapon Shoppe.
   100 | D        | Found Otoaffacw's Jewellery Shoppe.
   100 | D        | Found Ifeinkam's Distillery.
   101 | D        | Found Aquelug's General Store.
   101 | D        | Found Qawy Von's Magic Scroll Emporium.
   101 | D        | Found Masuofeu's Antique Armour Shoppe.
   101 | D        | Found Naapumaote's Weapon Shoppe.
   101 | D        | Found Zauhiq's Jewellery Emporium.
   102 | D        | Found Qufat's Distillery.
   102 | D        | Found Baroynuwk's Antique Weapon Emporium.
   102 | D        | Noticed a spiny frog
   103 | D        | Found Foizaeg's Magic Scroll Shoppe.
   103 | D        | Found Cikkamp's Antique Armour Emporium.
   103 | D        | Noticed a spiny frog
   104 | D        | Noticed Menkaure
   104 | D        | Noticed an oklob plant
   105 | D        | Found Plog's Book Shoppe.
   115 | D        | Killed Menkaure
   307 | D        | Bought a +3 ring of dexterity for 172 gold pieces
   310 | D        | Bought a potion of heal wounds for 65 gold pieces
   333 | D        | Reached XP level 7. HP: 69/69 MP: 6/6
   360 | D        | Noticed a neqoxec
   360 | D        | Noticed a neqoxec
   360 | D        | Noticed a neqoxec
   360 | D        | Noticed a neqoxec
   360 | D        | Gained mutation: You tend to lose your temper in combat. [a neqoxec]
   364 | D        | Killed a neqoxec
   364 | D        | Reached skill level 10 in Fighting
   364 | D        | Reached skill level 10 in Armour
   364 | D        | Reached skill level 10 in Shields
   365 | D        | Gained mutation: You are weak. (Str -2) [a neqoxec]
   371 | D        | Killed a neqoxec
   371 | D        | Reached skill level 10 in Maces & Flails
   374 | D        | Killed a neqoxec
   383 | D        | Killed a neqoxec
   383 | D        | Reached XP level 8. HP: 72/80 MP: 7/7
   401 | D        | Noticed a siren
   417 | D        | Killed a siren
   420 | D        | Noticed a flying skull
   420 | D        | Noticed a flying skull
   421 | D        | Noticed a flying skull
   421 | D        | Noticed a flying skull
   421 | D        | Noticed a flying skull
   422 | D        | Noticed a flying skull
   422 | D        | Noticed a flying skull
   422 | D        | Noticed a flying skull
   423 | D        | Noticed a flying skull
   424 | D        | Noticed a flying skull
   424 | D        | Noticed a flying skull
   426 | D        | Noticed a flying skull
   455 | D        | Noticed an ice statue
   473 | D        | Found a roughly hewn altar of Beogh.
   475 | D        | Found a blossoming altar of Fedhas.
   475 | D        | Found a sparkling altar of Nemelex Xobeh.
   476 | D        | Found a stormy altar of Qazlal.
   476 | D        | Found a corrupted altar of Lugonu.
   477 | D        | Found a bloodstained altar of Trog.
   477 | D        | Found a sacrificial altar of Ru.
   477 | D        | Found a glowing silver altar of Zin.
   477 | D        | Found an ancient bone altar of Kikubaaqudgha.
   477 | D        | Found a burning altar of Makhleb.
   478 | D        | Found a shadowy altar of Dithmenos.
   478 | D        | Found a snail-covered altar of Cheibriados.
   478 | D        | Found a white marble altar of Elyvilon.
   479 | D        | Found an oddly glowing altar of Pakellas.
   479 | D        | Found a basalt altar of Yredelemnul.
   479 | D        | Found a glowing golden altar of the Shining One.
   480 | D        | Found a deep blue altar of Sif Muna.
   480 | D        | Found an opulent altar of Gozag.
   481 | D        | Found a shimmering altar of Xom.
   481 | D        | Found a viscous altar of Jiyva.
   481 | D        | Noticed a polar bear
   483 | D        | Noticed a polar bear
   483 | D        | Found a radiant altar of Vehumet.
   483 | D        | Found an iron altar of Okawaru.
   483 | D        | Noticed a yaktaur
   485 | D        | Noticed a polar bear
   488 | D        | Became a worshipper of Qazlal Stormbringer
   490 | D        | Killed a polar bear
   510 | D        | HP: 2/83 [yaktaur/bolt (7)]
   511 | D        | Noticed a hell hog
   513 | D        | Slain by a polar bear

Skill      XL: |  1  2  3  4  5  6  7  8 |
---------------+-------------------------+-----
Fighting       | 6 7 8 9 11 12 | 12.0
Maces & Flails | 5 6 8 9 10 11 | 11.7
Armour         | 6 7 8 9 11 12 | 12.0
Shields        | 6 7 9 11 12 | 12.1

Action                   |  1- 3 |  4- 6 |  7- 9 || total
-------------------------+-------+-------+-------++-------
Melee: Flail             |     8 |    23 |    59 ||    90
       Headbutt          |       |     7 |    16 ||    23
  Use: Potion            |     1 |     1 |     4 ||     6
Armor: Scale mail        |     1 |     4 |    39 ||    44
Dodge: Dodged            |       |     1 |    20 ||    21
Block: Shield            |     3 |     6 |    50 ||    59
